 Dungeon Crawl Stone Soup version 0.30.0-5-g1a98f26d00 (webtiles) character file.

Game seed: 17774349932368180599

418778 freelancePsychic the Warrior (level 22, -5/199 HPs)
             Began as a Demonspawn Conjurer on May 8, 2023.
             Was the Champion of Vehumet.
             Drowned by a quicksilver ooze (6 damage)
             ... created by the Royal Jelly
             ... on level 5 of the Pits of Slime.
             The game lasted 02:03:00 (50277 turns).

freelancePsychic the Warrior (Demonspawn Conjurer) Turns: 50277, Time: 02:03:00

Health: -5/199     AC: 16    Str:  8    XL:     22   Next: 61%
Magic:  13/45      EV: 20    Int: 35    God:    Vehumet [******]
Gold:   3067       SH:  0    Dex: 16    Spells: 9/41 levels left

rFire   + + +        D - staff of air "Xebeump" {rElec rCorr}
rCold   + . .        Y - +0 kite shield {reflect}
rNeg    . . .        P - +0 ring mail "Juro" {rF+++ rC+ MP+9 Slay-4}
rPois   .            (helmet unavailable)
rElec   +            Q - +2 cloak
rCorr   +            a - +2 pair of gloves {Dex+3}
SInv    .            R - +0 pair of boots "Duadid" {rCorr}
Will    +....        o - amulet of magic regeneration
Stlth   +            M - +6 ring of intelligence
HPRegen 0.53/turn    E - +5 ring of evasion
MPRegen 0.69/turn

%: random rage (3%), reflection
@: confused, mighty, engulfed (cannot breathe), studying Unarmed Combat
A: horns 3, rugged brown scales 2, demonic guardian 3, powered by pain 3, black
mark, bedeviling, aura of silence, claws 1, talons 1, berserk 1, deformed body,
inability to drink after injury 1
}: 2/15 runes: barnacled, abyssal
a: Renounce Religion


You were on level 5 of the Pits of Slime.
You worshipped Vehumet.
Vehumet was exalted by your worship.
You visited 9 branches of the dungeon, and saw 43 of its levels.
You visited the Abyss 1 time.
You also visited: Bailey, Gauntlet and Desolation.

You collected 7307 gold pieces.
You spent 4240 gold pieces at shops.

Inventory:

Hand Weapons
 i - a +0 short sword of venom
Missiles
 A - 5 throwing nets
Armour
 a - a +2 pair of gloves of dexterity (worn)
 t - a +4 troll leather armour
 P - the +0 ring mail "Juro" (worn) {rF+++ rC+ MP+9 Slay-4}
   (You found it on level 5 of the Lair of Beasts)

   Slay:      It affects your accuracy & damage with ranged weapons and melee
   (-4).
   rF:        It renders you almost immune to fire.
   rC:        It protects you from cold.
   MP:        It affects your magic capacity (+9).
 Q - a +2 cloak (worn)
 R - the +0 pair of boots "Duadid" (worn) {rCorr}
   (You bought it in a shop on level 12 of the Dungeon)

   rCorr:     It protects you from acid and corrosion.
 Y - a +0 kite shield of reflection (worn)
Magical Staves
 v - a staff of fire
 D - the staff of air "Xebeump" (weapon) {rElec rCorr}
   (You found it on level 3 of the Elven Halls)

   [staff of air]

   Base accuracy: +5 Base damage: 5 Base attack delay: 1.2 This weapon's minimum
   attack delay (0.6) is reached at skill level 12.
   rElec:     It insulates you from electricity.
   rCorr:     It protects you from acid and corrosion.
   It falls into the 'Staves' category.
   It is a one-handed weapon.
Jewellery
 b - a ring of see invisible
 m - the ring "Ucaurafu" {Fire rN+}
   (You took it off a deep elf blademaster on level 3 of the Elven Halls)

   [ring of fire]

   It enhances your fire magic.
   rF:        It protects you from fire.
   rC:        It makes you vulnerable to cold.
   rN:        It protects you from negative energy.
 o - an amulet of magic regeneration (around neck)
 E - a +5 ring of evasion (right hand)
 M - a +6 ring of intelligence (left hand)
 O - a ring of flight
 W - a ring of wizardry
 X - the ring of Summer {Drain Will+++ Int+6 Dex-5 Stlth+}
   (You took it off a ragged hierophant in the Desolation of Salt)

   [ring of intelligence]

   Int:       It affects your intelligence (+6).
   Dex:       It affects your dexterity (-5).
   Drain:     It drains your maximum health when unequipped.
   Will:      It greatly increases your willpower.
   Stlth:     It makes you more stealthy.
Wands
 h - a wand of digging (4)
 n - a wand of mindburst (39)
 y - a wand of roots (25)
 C - a wand of paralysis (45)
 G - a wand of polymorph (17)
 I - a wand of acid (10)
 U - a wand of flame (59)
Scrolls
 e - 6 scrolls of poison
 l - 6 scrolls of enchant weapon
 q - 5 scrolls of fog
 s - 3 scrolls of vulnerability
 w - a scroll of fear
 x - 2 scrolls of enchant armour
 H - 3 scrolls of immolation
 T - 12 scrolls of identify {@r1}
 V - 2 scrolls of brand weapon
Potions
 c - 6 potions of lignification
 d - 5 potions of haste {@q3}
 f - 2 potions of ambrosia
 g - 5 potions of degeneration
 j - 2 potions of brilliance
 p - 13 potions of curing {@q1}
 u - 3 potions of flight
 z - 3 potions of resistance
 B - 4 potions of cancellation
 F - 4 potions of berserk rage
 K - 4 potions of attraction
 L - a potion of heal wounds {@q2}
 S - 6 potions of might
 Z - 3 potions of magic
Miscellaneous
 k - a lightning rod (4/4)
 r - a phantom mirror
 N - a box of beasts


   Skills:
 - Level 20.0 Fighting
 - Level 2.2 Short Blades
 - Level 12.4 Armour
 - Level 15.0 Dodging
 - Level 5.0 Stealth
 - Level 11.4 Shields
 - Level 10.3 Spellcasting
 + Level 11.6 Conjurations
 - Level 5.1 Translocations
 - Level 8.1 Transmutations
 - Level 12.0 Fire Magic
 - Level 2.2 Ice Magic
 * Level 18.7 Air Magic
 - Level 9.2 Poison Magic


You had 9 spell levels left.
You knew the following spells:

 Your Spells              Type           Power      Damage    Failure   Level
a - Plasma Beam           Fire/Air       56%        2x1d78    1%          6
b - Maxwell's Capacitive  Air            61%        ∞         13%         8
c - Ignite Poison         Fire/Tmut/Pois 72%        N/A       1%          3
d - Olgreb's Toxic Radia  Pois           70%        N/A       1%          4
e - Eringya's Noxious Bo  Tmut/Pois      34%        N/A       19%         6
h - Irradiate             Conj/Tmut      36%        3d23      2%          5

Your spell library contained the following spells:

 Spells                   Type           Power      Damage    Failure   Level
 Ignition                 Fire           40%        3d12      87%         8
 Fire Storm               Conj/Fire      39%        8d10      100%        9
 Polar Vortex             Ice            16%        N/A       100%        9
 Kiss of Death            Conj/Necr      100%       2d13      1%          1
 Magic Dart               Conj           100%       1d8       1%          1
 Sting                    Tmut/Pois      100%       1d8       1%          1
 Cigotuvi's Dreadful Rot  Necr/Pois/Air  100%       N/A       1%          2
 Momentum Strike          Conj/Tloc      100%       3d10      1%          2
 Poisonous Vapours        Pois/Air       100%       N/A       1%          2
 Searing Ray              Conj           100%       2d8       1%          2
 Wereblood                Tmut           66%        N/A       1%          2
 Dazzling Flash           Conj/Hex       100%       N/A       1%          3
 Mephitic Cloud           Conj/Pois/Air  100%       N/A       1%          3
 Spider Form              Tmut/Pois      68%        N/A       1%          3
 Swiftness                Air            100%       N/A       1%          3
 Iskenderun's Mystic Bla  Conj/Tloc      67%        2d14      1%          4
 Arcjolt                  Conj/Air       56%        1d66      1%          5
 Freezing Cloud           Conj/Ice/Air   48%        6-21      1%          5
 Conjure Ball Lightning   Conj/Air       56%        3x3d20    1%          6
 Apportation              Tloc           100%       N/A       2%          1
 Blink                    Tloc           100%       N/A       3%          2
 Lesser Beckoning         Tloc           100%       N/A       3%          2
 Summon Lightning Spire   Summ/Air       90%        N/A       3%          4
 Fulminant Prism          Conj/Hex       36%        3d17      4%          4
 Frozen Ramparts          Ice            66%        1d10      5%          3
 Gell's Gravitas          Tloc           52%        N/A       6%          3
 Teleport Other           Tloc           52%        N/A       6%          3
 Alistair's Intoxication  Tmut/Pois      45%        N/A       14%         5
 Slow                     Hex            100%       N/A       17%         1
 Summon Small Mammal      Summ           72%        N/A       17%         1
 Ensorcelled Hibernation  Hex/Ice        78%        N/A       17%         2
 Blade Hands              Tmut           33%        N/A       17%         5
 Portal Projectile        Hex/Tloc       100%       N/A       19%         3
 Ozocubu's Armour         Ice            33%        N/A       21%         3
 Ice Form                 Ice/Tmut       53%        N/A       21%         4
 Manifold Assault         Tloc           52%        N/A       22%         4
 Passage of Golubria      Tloc           52%        N/A       22%         4
 Yara's Violent Unravell  Hex/Tmut       31%        3d13      22%         5
 Sublimation of Blood     Necr           18%        N/A       26%         2
 Orb of Destruction       Conj           39%        9d11      30%         7
 Call Canine Familiar     Summ           18%        N/A       45%         3
 Confusing Touch          Hex            27%        N/A       45%         3
 Summon Guardian Golem    Hex/Summ       27%        N/A       45%         3
 Tukima's Dance           Hex            27%        N/A       45%         3
 Storm Form               Tmut/Air       53%        N/A       52%         7
 Summon Ice Beast         Ice/Summ       26%        N/A       73%         4
 Anguish                  Hex/Necr       13%        N/A       86%         4
 Animate Armour           Summ/Erth      36%        N/A       86%         4
 Cause Fear               Hex            13%        N/A       86%         4
 Dispel Undead            Necr           18%        3d11      86%         4
 Leda's Liquefaction      Hex/Erth       13%        N/A       86%         4
 Spellforged Servitor     Conj/Summ      28%        N/A       96%         7
 Metabolic Englaciation   Hex/Ice        19%        N/A       97%         5
 Dispersal                Tloc           26%        N/A       97%         6
 Borgnjor's Vile Clutch   Necr/Erth      9%         N/A       99%         5
 Statue Form              Tmut/Erth      30%        N/A       99%         6
 Dragon Form              Tmut           33%        N/A       99%         7
 Death Channel            Necr           9%         N/A       100%        6
 Simulacrum               Ice/Necr       13%        N/A       100%        6
 Enfeeble                 Hex            13%        N/A       100%        7
 Malign Gateway           Summ/Tloc      18%        N/A       100%        7
 Summon Hydra             Summ           9%         N/A       100%        7
 Discord                  Hex            13%        N/A       100%        8
 Disjunction              Tloc           26%        N/A       100%        8
 Summon Horrible Things   Summ           9%         N/A       100%        8
 Chain Lightning          Conj/Air       56%        3d74      100%        9
 Dragon's Call            Summ           9%         N/A       100%        9


Dungeon Overview and Level Annotations

Branches:
Dungeon (15/15)            Temple (1/1) D:4            Lair (5/5) D:11
 Shoals (4/4) Lair:2       Spider (4/4) Lair:2        Slime (5/5) Lair:5
    Orc (2/2) D:9             Elf (3/3) Orc:2        Vaults (4/5) D:14
 Depths (0/4) D:15         Bailey (visited)         Desolation (visited)
Gauntlet (visited)
  Crypt: Vaults:2-3

Altars:
Ashenzari
Cheibriados
Fedhas
Gozag
Makhleb
Okawaru
Sif Muna
Uskayaw
Vehumet
Wu Jian
Jiyva
Lugonu

Shops:
D:12 [[**   D:14 *   Orc:2 ((!*   Elf:2 !?:*   Shoals:1 (   Vaults:1 ((*
Vaults:2 :

Portals:
Abyss: Lair:5
Trove: D:11 (give 16 potions of curing)

Annotations:
Lair:1 exclusion: oklob plant
Lair:2 3 runed translucent doors, geeko55's ghost, journeyman AtFi
Lair:5 exclusion: oklob plant


Innate Abilities, Weirdness & Mutations

You have a pair of large horns on your head.
You are mostly covered in rugged brown scales. (AC +2, +5% HP)
A powerful demonic guardian rushes to your aid.
You are powered by pain.
Your melee attacks may debilitate your foes.
Your hexes are more powerful.
You are surrounded by an aura of silence.
You have sharp fingernails.
You have sharp toenails.
You sometimes lose your temper in combat.
Armour fits poorly on your strangely shaped body.
You occasionally lose the ability to drink potions when taking damage.


Message History

Unknown command.
Unknown command.
Unknown command.
Unknown command.
Unknown command.
Unknown command.
Unknown command.
The quicksilver ooze hits you!
* * * LOW HITPOINT WARNING * * *
The quicksilver ooze engulfs you!
The quicksilver ooze hits you but does no damage.
* * * LOW HITPOINT WARNING * * *
Your lungs strain for air!
The quicksilver ooze barely misses you. The quicksilver ooze hits you!
* * * LOW HITPOINT WARNING * * *
You feel your power leaking away. The golden eye blinks at you.
You easily resist.
The quicksilver ooze barely misses you.
The quicksilver ooze hits you but does no damage.
The golden eye blinks!
Your cacodemon barely misses the quicksilver ooze.
Your cacodemon hits the quicksilver ooze!
Unknown command.
Unknown command.
Unknown command.
Unknown command.
Unknown command.
Unknown command.
Unknown command.
Unknown command.
Unknown command.
Unknown command.
Unknown command.
Unknown command.
Unknown command.
Unknown command.
Unknown command.
Unknown command.
Unknown command.
You die...

.....
#..#.##..........
.G...
..................
.....
..................
.....
.............G....
.....
..................
.....
...........§......
.....
..................
.....
.........J........
.........@2.......
..................
................#.
..............#.#
............## #
........####
###.....# #...###


You could see a quicksilver ooze (ally target), a golden eye and a friendly
cacodemon (summoned, unsilenced).

Vanquished Creatures
  the Royal Jelly (Slime:5)
  Mara (Elf:3)
  Bai Suzhen (Vaults:4)
  Nikola (Spider:4)
  Arachne (Spider:4)
  4 deep elf blademasters
  2 deep elf master archers (Elf:3)
  Gastronok (Lair:3)
  8 acid blobs
  3 tentacled starspawn (Abyss:3)
  2 sphinxes
  A thorn hunter (Abyss:3)
  Kirke (Elf:1)
  11 rockslimes
  Ilsuiw (Shoals:1)
  A fire giant (Vaults:3)
  Donald (Spider:4)
  5 azure jellies
  A ghost moth (shapeshifter) (Elf:3)
  An imperial myrmidon (Desolation)
  16 vault wardens
  A frost giant (Vaults:2)
  An emperor scorpion (Spider:1)
  An angel (Abyss:3)
  8 deep elf sorcerers
  Louise (Elf:3)
  5 ghost moths
  16 ironbound preservers
  2 orc warlords
  5 quicksilver oozes
  Aizul (Spider:1)
  5 broodmothers
  4 deep elf elementalists (Elf:3)
  3 ironbound thunderhulks
  4 very ugly things
  A stone giant (Vaults:3)
  A minotaur (Gauntlet)
  3 deep elf demonologists
  A spark wasp (Spider:4)
  7 deep elf annihilators (Elf:3)
  9 dire elephants
  5 starcursed masses (Abyss:3)
  2 halazid warlocks (Desolation)
  A crystal guardian (Desolation)
  6 merfolk javelineers
  5 deep elf death magi (Elf:3)
  4 entropy weavers
  An ettin (Orc:2)
  8 servants of whispers (Desolation)
  13 merfolk impalers
  8 yaktaur captains
  2 deep elf high priests (Elf:3)
  8 ragged hierophants
  5 great orbs of eyes
  Josephine (Orc:1)
  Erolcha (D:10)
  8 peacekeepers
  20 vault guards
  2 ghost crabs
  A hydra (Lair:2)
  A hydra (shapeshifter) (Vaults:2)
  3 jorogumos
  3 radroaches
  2 merfolk avatars (Shoals:3)
  Erica (D:8)
  4 satyrs
  12 death yaks
  5 ironbound frosthearts
  3 merfolk aquamancers
  2 two-headed ogres
  11 centaur warriors
  9 boulder beetles
  A tengu warrior (D:15)
  5 orc high priests
  6 thrashing horrors
  28 dancing weapons
  2 wretched stars (Abyss:3)
  3 large abominations
  2 skysharks
  29 deep elf knights
  9 pharaoh ants
  A sun moth (Spider:3)
  A flayed ghost (D:15)
  10 skeletal warriors
  8 sea snakes
  12 orb spiders
  21 deep trolls
  20 ironbound convokers
  14 harpies
  4 necromancers
  4 steelbarb worms
  6 wizards
  15 deep elf archers
  A phantasmal warrior (Vaults:2)
  8 lindwurms
  A tengu zombie (Vaults:3)
  10 orc knights
  36 ugly things
  26 deep elf zephyrmancers
  44 deep elf pyromancers
  6 orc sorcerers
  11 cyclopes
  A stone giant zombie (Vaults:4)
  7 shining eyes
  16 wolf spiders
  21 manticores
  23 fauns
  A worldbinder (Abyss:3)
  An iron dragon skeleton (D:15)
  6 merfolk sirens
  2 human skeletons (Vaults:3)
  4 moths of wrath
  18 elephants
  4 black mambas
  2 guardian serpents (Desolation)
  8 torpor snails
  4 water nymphs
  A guardian serpent (shapeshifter) (Vaults:4)
  An apocalypse crab (Abyss:3)
  4 smoke demons
  2 eyes of devastation
  13 vault sentinels
  6 demonic crawlers
  Maggie (D:9)
  2 molten gargoyles (Desolation)
  An unseen horror (D:10)
  10 cane toads
  3 rime drakes
  24 yaktaurs
  6 komodo dragons
  3 tengu conjurers
  3 kobold demonologists
  8 wind drakes
  3 ancient zymes
  A guardian mummy (D:14)
  2 polar bears (Lair:1)
  11 trolls
  38 merfolk
  6 meliai
  58 saltlings
  26 tarantellas
  2 tyrant leeches (Spider:1)
  12 snapping turtles
  13 blink frogs (Lair:5)
  2 dream sheep (Shoals:2)
  16 jumping spiders
  An ettin skeleton (D:15)
  5 flying skulls (Gauntlet)
  A human simulacrum (Vaults:3)
  2 air elementals
  95 slime creatures
  58 yaks
  6 water elementals
  17 culicivoras
  A vampire (D:12)
  2 ynoxinuls
  A hog (Elf:1)
  5 wraiths
  A human (shapeshifter) (D:13)
  6 basilisks
  13 vampire mosquitoes
  7 golden eyes
  9 fire elementals
  3 chaos spawn
  A steam dragon (D:9)
  41 redbacks
  2 glowing shapeshifter zombies
  A human zombie (Vaults:4)
  3 wargs
  8 water moccasins
  A glowing shapeshifter skeleton (Vaults:3)
  An ettin simulacrum (Vaults:4)
  39 orc warriors
  2 sky beasts
  9 ogres
  8 boggarts
  11 wolves
  16 centaurs
  6 kobold brigands
  4 earth elementals
  6 bullfrogs
  4 gnoll sergeants
  4 scorpions
  19 wights
  10 killer bees
  6 electric eels
  4 howler monkeys
  10 small abominations
  5 hounds
  2 jellies
  A gnoll bouda (D:6)
  7 orc priests
  An iron imp (Abyss:3)
  3 sleepcaps
  An iguana (D:6)
  11 orc wizards
  Natasha (twice) (D:3)
  31 gnolls
  4 adders
  A shadow imp (D:6)
  2 white imps
  6 worms
  A dart slug (D:1)
  80 orcs
  8 endoplasms
  4 giant cockroaches
  9 goblins
  4 hobgoblins
  6 jackals
  22 kobolds
  8 quokkas
  2 ball pythons (D:1)
  7 bats
  2 frilled lizards
  4 rats
  A lurking horror (Abyss:3)
  A starspawn tentacle (Abyss:3)
1725 creatures vanquished.

Vanquished Creatures (collateral kills)
  A titan (Vaults:3)
  Polyphemus (Shoals:4)
  A vault warden (Vaults:1)
  A rockslime (Slime:1)
  A ghost moth (Spider:4)
  A quicksilver ooze (Slime:5)
  A broodmother (Spider:2)
  A deep elf annihilator (Elf:3)
  An ettin (Orc:2)
  A crystal guardian (Desolation)
  A great orb of eyes (Slime:1)
  A centaur warrior (D:14)
  A catoblepas (Shoals:4)
  A merfolk avatar (Shoals:4)
  A dancing weapon (Elf:2)
  A deep elf knight (Elf:2)
  2 skeletal warriors
  3 sea snakes
  An orb spider (Spider:2)
  A deep elf archer (Elf:2)
  A deep elf zephyrmancer (Elf:2)
  A deep elf pyromancer (Elf:2)
  A lindwurm (Vaults:2)
  4 ugly things (D:15)
  A manticore (D:14)
  A stone giant skeleton (D:15)
  A yaktaur (Vaults:4)
  A meliai (Spider:2)
  A saltling (Desolation)
  A wind drake (shapeshifter) (D:14)
  A jumping spider (Spider:4)
  2 slime creatures
  An air elemental (Elf:2)
  A water elemental (Shoals:2)
  2 redbacks (Spider:2)
  A warg (Orc:2)
  A water moccasin (Lair:3)
  2 wolves (Lair:3)
  2 earth elementals
  2 orcs (Bailey)
51 creatures vanquished.

Vanquished Creatures (others)
  A merfolk impaler (Shoals:2)
  A deep elf pyromancer (Elf:1)
  2 saltlings (Desolation)
  A water elemental (Elf:1)
  A small abomination (Lair:5)
  An orc wizard (Elf:1)
  A boggart simulacrum (D:14)
  3 orcs
  A starspawn tentacle (Abyss:3)
12 creatures vanquished.

Grand Total: 1788 creatures vanquished

Notes
Turn   | Place    | Note
-------+----------+-------------------------------------------
     0 | D:1      | freelancePsychic the Demonspawn Conjurer began the quest
                  | for the Orb.
     0 | D:1      | Reached XP level 1. HP: 13/13 MP: 3/3
   190 | D:1      | Gained mutation: You have a pair of small horns on your
                  | head. [demonic ancestry]
   190 | D:1      | Reached XP level 2. HP: 20/20 MP: 3/5
   431 | D:1      | Reached skill level 1 in Fighting
   553 | D:1      | Gained mutation: You have a pair of horns on your head.
                  | [demonic ancestry]
   553 | D:1      | Reached XP level 3. HP: 26/26 MP: 2/6
   914 | D:1      | Learned a level 2 spell: Searing Ray
  1517 | D:3      | Gained mutation: You are partially covered in rugged brown
                  | scales. (AC +1, +3% HP) [demonic ancestry]
  1517 | D:3      | Reached XP level 4. HP: 26/32 MP: 3/7
  1554 | D:3      | Noticed Natasha
  1564 | D:3      | Killed Natasha
  1734 | D:3      | Noticed Natasha
  1742 | D:3      | Killed Natasha
  1743 | D:3      | Reached skill level 5 in Conjurations
  1764 | D:3      | Reached XP level 5. HP: 33/39 MP: 6/9
  2309 | D:4      | Reached skill level 2 in Fighting
  2322 | D:4      | Found a staircase to the Ecumenical Temple.
  2328 | Temple   | Entered the Ecumenical Temple
  2355 | Temple   | Became a worshipper of Vehumet
  2547 | D:4      | Found a blossoming altar of Fedhas.
  2563 | D:5      | Entered Level 5 of the Dungeon
  2752 | D:5      | Gained mutation: A weak demonic guardian rushes to your
                  | aid. [demonic ancestry]
  2752 | D:5      | Reached XP level 6. HP: 47/47 MP: 6/10
  3021 | D:6      | Noticed a sky beast
  3030 | D:6      | Killed a sky beast
  3031 | D:6      | Reached skill level 3 in Fighting
  3084 | D:6      | Noticed a water moccasin
  3102 | D:6      | Gained mutation: You are mostly covered in rugged brown
                  | scales. (AC +2, +5% HP) [demonic ancestry]
  3102 | D:6      | Reached XP level 7. HP: 42/54 MP: 5/11
  3257 | D:6      | Reached skill level 4 in Fighting
  3260 | D:6      | Reached skill level 5 in Stealth
  3280 | D:6      | Found a hide-covered altar of Uskayaw.
  3300 | D:6      | Reached * piety under Vehumet
  3300 | D:6      | Offered knowledge of Kiss of Death by Vehumet.
  3306 | D:6      | Reached skill level 1 in Translocations
  3629 | D:6      | Gained mutation: You sometimes gain a little power by
                  | taking damage. [demonic ancestry]
  3629 | D:6      | Reached XP level 8. HP: 64/64 MP: 8/12
  3937 | D:7      | Reached skill level 5 in Fighting
  4076 | D:7      | Found an opulent altar of Gozag.
  4550 | D:7      | Learned a level 4 spell: Iskenderun's Mystic Blast
  4699 | D:8      | Noticed Erica
  4848 | D:8      | Reached skill level 6 in Fighting
  4986 | D:8      | Reached skill level 1 in Short Blades
  5098 | D:8      | Reached XP level 9. HP: 70/72 MP: 11/13
  5625 | D:8      | Killed Erica
  5626 | D:8      | Reached skill level 5 in Translocations
  5795 | D:9      | Found a flagged portal.
  5804 | D:9      | Offered knowledge of Momentum Strike by Vehumet.
  5814 | Bailey   | Entered a bailey
  5822 | Bailey   | Reached ** piety under Vehumet
  5951 | Bailey   | Reached skill level 7 in Fighting
  6634 | Bailey   | Offered knowledge of Mephitic Cloud by Vehumet.
  6635 | Bailey   | Reached XP level 10. HP: 51/84 MP: 5/14
  6639 | Bailey   | Learned a level 3 spell: Mephitic Cloud
  6759 | Bailey   | Reached skill level 1 in Poison Magic
  6766 | Bailey   | Reached skill level 8 in Fighting
  6766 | Bailey   | Reached skill level 1 in Air Magic
  6992 | D:9      | Reached *** piety under Vehumet
  7236 | D:9      | Offered knowledge of Olgreb's Toxic Radiance by Vehumet.
  7260 | D:9      | Learned a level 4 spell: Olgreb's Toxic Radiance
  7393 | D:9      | Reached skill level 1 in Armour
  7485 | D:9      | Reached **** piety under Vehumet
  7697 | D:9      | Found a staircase to the Orcish Mines.
  7726 | D:10     | Entered Level 10 of the Dungeon
  7728 | D:10     | Offered knowledge of Freezing Cloud by Vehumet.
  7757 | D:9      | Noticed Maggie
  7769 | D:9      | Killed Maggie
  7899 | D:10     | Reached skill level 9 in Fighting
  7901 | D:10     | Gained mutation: You have a pair of large horns on your
                  | head. [demonic ancestry]
  7901 | D:10     | Reached XP level 11. HP: 39/93 MP: 4/15
  8064 | D:10     | Reached skill level 1 in Ice Magic
  8270 | D:10     | Got the Spellbook of Doomed Chilblains
  8323 | D:10     | Reached ***** piety under Vehumet
  8323 | D:10     | Offered knowledge of Sticky Flame by Vehumet.
  8385 | D:10     | Noticed Erolcha
  8616 | D:11     | Noticed a boulder beetle
  8627 | D:11     | Noticed a two-headed ogre
  8632 | D:11     | Killed a boulder beetle
  8633 | D:11     | Reached skill level 5 in Armour
  8633 | D:11     | Reached skill level 1 in Transmutations
  8655 | D:11     | Killed a two-headed ogre
  8883 | D:11     | Found a portal to a secret trove of treasure.
  9109 | D:11     | Noticed a boulder beetle
  9118 | D:11     | Killed a boulder beetle
  9164 | D:11     | Found a staircase to the Lair.
  9206 | Lair:1   | Entered Level 1 of the Lair of Beasts
  9359 | Lair:1   | Learned a level 6 spell: Eringya's Noxious Bog
  9371 | Lair:1   | Reached skill level 5 in Poison Magic
  9431 | Lair:1   | Reached skill level 5 in Spellcasting
  9653 | Lair:1   | Reached skill level 10 in Fighting
 10013 | Lair:1   | Noticed an oklob plant
 10205 | Lair:2   | Found a runed translucent gate.
 10205 | Lair:2   | Found a runed translucent gate.
 10205 | Lair:2   | Found a runed translucent gate.
 10211 | Lair:2   | Noticed a boulder beetle
 10603 | Lair:2   | Gained mutation: A demonic guardian rushes to your aid.
                  | [demonic ancestry]
 10603 | Lair:2   | Reached XP level 12. HP: 101/101 MP: 2/19
 10644 | Lair:2   | Found a staircase to the Shoals.
 10779 | Lair:2   | Found a hole to the Spider Nest.
 11003 | Lair:2   | Noticed a four-headed hydra
 11038 | Lair:2   | Noticed a minotaur
 11322 | Lair:2   | Killed a boulder beetle
 11324 | Lair:2   | Noticed geeko55's ghost (journeyman AtFi)
 12146 | Lair:3   | Noticed Gastronok
 12694 | Lair:3   | Killed Gastronok
 12695 | Lair:3   | Reached skill level 5 in Transmutations
 13040 | Lair:4   | Reached XP level 13. HP: 23/108 MP: 18/23
 13126 | Lair:4   | Found a gate leading to a gauntlet.
 13135 | Gauntlet | Entered a Gauntlet
 13135 | Gauntlet | Found a transporter.
 13135 | Gauntlet | Found a transporter.
 13266 | Gauntlet | Found a transporter.
 13281 | Gauntlet | Found a transporter.
 13295 | Gauntlet | Found a transporter.
 13308 | Gauntlet | Found a transporter.
 13326 | Gauntlet | Found a transporter.
 13405 | Gauntlet | Found a transporter.
 13410 | Gauntlet | Found a transporter.
 13428 | Gauntlet | Found a transporter.
 13440 | Gauntlet | Found a transporter.
 13448 | Gauntlet | Noticed a blizzard demon
 13456 | Gauntlet | Found a transporter.
 13523 | Gauntlet | Found a transporter.
 13527 | Gauntlet | Noticed a dire elephant
 13532 | Gauntlet | Found a transporter.
 13537 | Gauntlet | Found a transporter.
 13563 | Gauntlet | Reached skill level 1 in Shields
 13595 | Gauntlet | Identified the amulet of Jealousy {Acrobat Fly Str+2 Int+2}
 13884 | Gauntlet | Identified the +12 flail of Indomitability {heavy, rF- rC++
                  | Str+3}
 13884 | Gauntlet | Noticed a minotaur
 13907 | Gauntlet | Killed a minotaur
 13917 | Gauntlet | Identified the +1 leather armour of the Harp {Contam Will++
                  | Regen+ Stlth+}
 14099 | Lair:5   | Entered Level 5 of the Lair of Beasts
 14099 | Lair:5   | Found a staircase to the Slime Pits.
 14099 | Lair:5   | Found a viscous altar of Jiyva.
 14809 | Lair:5   | Reached skill level 5 in Shields
 15096 | Lair:5   | Gained mutation: Your hexes are more powerful. [demonic
                  | ancestry]
 15096 | Lair:5   | Reached XP level 14. HP: 90/115 MP: 12/27
 15192 | Lair:5   | Reached ****** piety under Vehumet
 15200 | Lair:5   | Learned a level 5 spell: Irradiate
 15228 | Lair:5   | Offered knowledge of Airstrike by Vehumet.
 15890 | Lair:5   | Gained mutation: Your body sometimes deteriorates upon
                  | taking damage. [mutagenic glow]
 15891 | Lair:5   | Lost mutation: Your body sometimes deteriorates upon taking
                  | damage. [potion of mutation]
 15891 | Lair:5   | Gained mutation: You are dopey. (Int -2) [potion of
                  | mutation]
 15891 | Lair:5   | Gained mutation: You passively dampen the noise of your
                  | surroundings. [potion of mutation]
 15892 | Lair:5   | Lost mutation: You passively dampen the noise of your
                  | surroundings. [potion of mutation]
 15892 | Lair:5   | Lost mutation: You are dopey. (Int -2) [potion of mutation]
 15892 | Lair:5   | Gained mutation: You have sharp fingernails. [potion of
                  | mutation]
 15892 | Lair:5   | Gained mutation: You have sharp toenails. [potion of
                  | mutation]
 16626 | Lair:5   | Reached skill level 10 in Spellcasting
 16648 | Lair:5   | Found a corrupted altar of Lugonu.
 16648 | Lair:5   | Found a one-way gate to the infinite horrors of the Abyss.
 16658 | Lair:5   | Identified the +0 ring mail "Juro" {rF+++ rC+ MP+9 Slay-4}
 16663 | Lair:5   | Identified the +6 quarterstaff "Ymaf" {freeze, Fragile
                  | rPois Dex+5 SInv}
 16848 | Lair:4   | Reached skill level 11 in Fighting
 16997 | Orc:1    | Entered Level 1 of the Orcish Mines
 17167 | Orc:2    | Entered Level 2 of the Orcish Mines
 17167 | Orc:2    | Found a staircase to the Elven Halls.
 17429 | Orc:2    | Reached skill level 5 in Dodging
 17980 | Orc:2    | Noticed an orc warlord
 17982 | Orc:2    | Offered knowledge of Iskenderun's Battlesphere by Vehumet.
 18007 | Orc:2    | Reached skill level 12 in Fighting
 18011 | Orc:2    | Killed an orc warlord
 18088 | Orc:2    | Found Xewytipo's Assorted Antiques.
 18091 | Orc:2    | Found Ithoh's Distillery.
 18099 | Orc:2    | Bought a potion of curing for 36 gold pieces
 18099 | Orc:2    | Bought a potion of curing for 36 gold pieces
 18099 | Orc:2    | Bought a potion of curing for 36 gold pieces
 18099 | Orc:2    | Bought a potion of heal wounds for 60 gold pieces
 18099 | Orc:2    | Bought a potion of heal wounds for 60 gold pieces
 18103 | Orc:2    | Bought a potion of heal wounds for 125 gold pieces
 18103 | Orc:2    | Bought a scroll labelled DENNACASTOX for 25 gold pieces
 18346 | Orc:2    | Found Xiziyrakask's Weapon Shoppe.
 18379 | Orc:2    | Found Xycimm's Weapon Boutique.
 18413 | Orc:2    | Acquired 410 gold pieces
 18541 | Orc:1    | Noticed Josephine
 18548 | Orc:1    | Killed Josephine
 18617 | Orc:1    | Gained mutation: A powerful demonic guardian rushes to your
                  | aid. [demonic ancestry]
 18617 | Orc:1    | Reached XP level 15. HP: 84/128 MP: 22/29
 19243 | D:12     | Found a transporter.
 19245 | D:12     | Found Amitug's General Store.
 19271 | D:12     | Found a transporter.
 19276 | D:12     | Bought a scroll of teleportation for 33 gold pieces
 19276 | D:12     | Bought a potion of heal wounds for 55 gold pieces
 19276 | D:12     | Bought a potion of brilliance for 44 gold pieces
 19633 | D:12     | Found Vabixif's Armour Shop.
 19638 | D:12     | Bought a +2 cloak for 165 gold pieces
 19645 | D:12     | Found Umaurch's Antique Armour Shop.
 19656 | D:12     | Bought a pair of fine boots for 256 gold pieces
 19656 | D:12     | Identified the +0 pair of boots "Duadid" {rCorr} (You
                  | bought it in a shop on level 12 of the Dungeon)
 19860 | D:12     | Found Yneumunk's Assorted Antiques.
 19871 | D:12     | Bought a glowing dark potion for 30 gold pieces
 19871 | D:12     | Bought a scroll of immolation for 136 gold pieces
 19871 | D:12     | Bought a scroll of teleportation for 102 gold pieces
 20388 | D:13     | Reached skill level 13 in Fighting
 20979 | D:14     | Identified the +8 glaive of Ziphaken {speed, rElec rF-
                  | Will+ Str+6}
 21155 | D:14     | Found Caokiorrou's Elemental Accessories.
 21163 | D:14     | Bought the Parchment of the Zephyr for 748 gold pieces
 21310 | D:14     | Found a gate to the Vaults.
 21327 | D:14     | Reached skill level 10 in Armour
 21332 | D:14     | Offered knowledge of Plasma Beam by Vehumet.
 21344 | D:14     | Reached skill level 1 in Fire Magic
 21355 | D:14     | Learned a level 6 spell: Plasma Beam
 21756 | D:14     | Reached skill level 5 in Air Magic
 22740 | D:14     | Got Zein's Compilation of the Atmosphere and Metamorphosis
 22932 | D:15     | Entered Level 15 of the Dungeon
 22969 | D:15     | Found a staircase to the Depths.
 23982 | D:15     | Reached skill level 14 in Fighting
 24474 | D:15     | Gained mutation: You sometimes gain power by taking damage.
                  | [demonic ancestry]
 24474 | D:15     | Reached XP level 16. HP: 123/139 MP: 16/30
 24993 | Spider:1 | Entered Level 1 of the Spider Nest
 25236 | Spider:1 | Offered knowledge of Arcjolt by Vehumet.
 25407 | Spider:1 | Noticed Aizul
 25421 | Spider:1 | Killed Aizul
 25903 | Spider:1 | Reached skill level 5 in Fire Magic
 26118 | Spider:1 | Learned a level 5 spell: Arcjolt
 27189 | Spider:2 | Offered knowledge of Iron Shot by Vehumet.
 27266 | Spider:2 | Reached skill level 15 in Fighting
 27545 | Spider:2 | Identified the +3 sling of Iconoclasm {elec, Fragile rElec
                  | Will+ Str+2}
 28872 | Spider:4 | Entered Level 4 of the Spider Nest
 28873 | Spider:4 | Noticed Nikola
 28879 | Spider:4 | Killed Nikola
 28880 | Spider:4 | Reached XP level 17. HP: 149/149 MP: 26/31
 29190 | Spider:4 | Noticed Arachne
 29200 | Spider:4 | Killed Arachne
 29678 | Spider:4 | Noticed Donald
 29681 | Spider:4 | Killed Donald
 30118 | Spider:4 | Reached skill level 16 in Fighting
 30217 | Spider:4 | Offered knowledge of Lehudib's Crystal Spear by Vehumet.
 30602 | Spider:4 | Reached skill level 10 in Air Magic
 31358 | Shoals:1 | Entered Level 1 of the Shoals
 32126 | Shoals:1 | Found Huqap's Firing Range.
 32269 | Shoals:2 | Noticed Ilsuiw
 32330 | Shoals:1 | Killed Ilsuiw
 32533 | Shoals:2 | Offered knowledge of Fire Storm by Vehumet.
 32533 | Shoals:2 | Offered knowledge of Polar Vortex by Vehumet.
 32533 | Shoals:2 | Offered knowledge of Ignition by Vehumet.
 32540 | Shoals:2 | Identified the +7 halberd "Lyucing" {freeze, Fly Str+2}
 33505 | Shoals:2 | Identified the +0 pair of gloves "Detar" {rElec rF+ Str+8
                  | Int-3}
 33772 | Shoals:3 | Reached skill level 10 in Shields
 33955 | Shoals:3 | Gained mutation: You are powered by pain. [demonic
                  | ancestry]
 33955 | Shoals:3 | Reached XP level 18. HP: 151/160 MP: 13/32
 34012 | Shoals:3 | Reached skill level 10 in Fire Magic
 34623 | Shoals:4 | Entered Level 4 of the Shoals
 34629 | Shoals:4 | Noticed Polyphemus
 34860 | Shoals:4 | Killed Polyphemus
 35938 | Shoals:4 | Got a barnacled rune of Zot
 36412 | Elf:1    | Entered Level 1 of the Elven Halls
 36427 | Elf:1    | Noticed Kirke
 36547 | Elf:1    | Reached skill level 17 in Fighting
 37753 | Elf:1    | Killed Kirke
 37788 | Elf:1    | Gained mutation: Your melee attacks may debilitate your
                  | foes. [demonic ancestry]
 37788 | Elf:1    | Reached XP level 19. HP: 171/171 MP: 24/33
 37846 | Elf:1    | You fall into a shaft and drop 1 floor!
 37915 | Elf:2    | Reached skill level 18 in Fighting
 38503 | Elf:2    | Found a runed translucent gate.
 38503 | Elf:2    | Found a runed translucent gate.
 38504 | Elf:2    | Found a runed translucent gate.
 38924 | Elf:2    | Reached skill level 19 in Fighting
 39122 | Elf:2    | Found Jecojomy's Book Emporium.
 39132 | Elf:2    | Found Amayxzixt's General Store.
 39398 | Elf:2    | Found Kocysios's Magic Scroll Shop.
 39407 | Elf:2    | Bought a scroll of acquirement for 520 gold pieces
 39621 | Elf:2    | Found Cufeadot's Distillery.
 39630 | Elf:2    | Bought a potion of heal wounds for 55 gold pieces
 39630 | Elf:2    | Bought a potion of brilliance for 44 gold pieces
 39630 | Elf:2    | Bought a potion of curing for 33 gold pieces
 39630 | Elf:2    | Bought a potion of curing for 33 gold pieces
 40224 | Elf:3    | Entered Level 3 of the Elven Halls
 40294 | Elf:3    | Noticed Louise
 40301 | Elf:3    | Killed Louise
 40416 | Elf:3    | Noticed Mara
 40419 | Elf:3    | Reached skill level 20 in Fighting
 40419 | Elf:3    | Reached skill level 10 in Dodging
 40429 | Elf:3    | Gained mutation: You sometimes lose your temper in combat.
                  | [mutagenic glow]
 40441 | Elf:3    | Killed Mara
 40465 | Elf:3    | Paralysed by an air elemental for 1 turns
 40746 | Elf:3    | Reached XP level 20. HP: 184/184 MP: 24/34
 41218 | Abyss:3  | Cast into level 3 of the Abyss (a deep elf demonologist)
 41260 | Abyss:3  | Got an abyssal rune of Zot
 41272 | Abyss:3  | Acquired a staff of fire
 41274 | Abyss:3  | Acquired 900 gold pieces
 41554 | Elf:3    | Escaped the Abyss
 41726 | Elf:3    | Identified the +1 leather armour of Kyehes {-Tele rElec rF-
                  | Int+4}
 41726 | Elf:3    | Identified the ring "Ucaurafu" {Fire rN+}
 41984 | Elf:3    | Got Heozoff's Tome of Remoulded Charms
 41990 | Elf:3    | Got the Teachings on Ozone and Generation
 41994 | Elf:3    | Identified the staff of death "Acunnorgh" {Drain rC+++ rN+
                  | rCorr Dex+3}
 41998 | Elf:3    | Identified the staff of air "Xebeump" {rElec rCorr}
 42003 | Elf:3    | Identified the staff of death "Farrym" {rF- rC+ rN+ Str+8
                  | Int+2}
 42014 | Elf:3    | Identified the +1 hand axe of Understanding {venom, Int+2}
 42031 | Elf:3    | Learned a level 8 spell: Maxwell's Capacitive Coupling
 42034 | Elf:3    | Identified the +10 long sword "Jyvvoytz" {spect, rPois}
 42456 | D:10     | Killed Erolcha
 42547 | Vaults:1 | Entered Level 1 of the Vaults
 43377 | Elf:2    | Bought the Spellbook of Distant Shores for 608 gold pieces
 43382 | Elf:2    | Learned a level 3 spell: Ignite Poison
 43657 | Vaults:1 | Found Gozag's Antique Weapon Shop.
 43662 | Vaults:1 | Found an opulent altar of Gozag.
 43662 | Vaults:1 | Found Gozag's Assorted Antiques.
 43724 | Vaults:1 | Found Gozag's Antique Weapon Boutique.
 43800 | Vaults:1 | Bought a potion of haste for 1000 gold pieces
 44636 | Vaults:2 | Identified the +0 leather armour of the Furies {Rampage}
 44828 | Vaults:2 | Found Beanob's Book Emporium.
 44891 | Vaults:2 | Gained mutation: You are surrounded by an aura of silence.
                  | [demonic ancestry]
 44891 | Vaults:2 | Reached XP level 21. HP: 128/192 MP: 17/35
 45679 | Vaults:3 | Reached skill level 15 in Air Magic
 46088 | Vaults:3 | Reached skill level 15 in Dodging
 46913 | Vaults:4 | Noticed Bai Suzhen
 46917 | Vaults:4 | Killed Bai Suzhen
 47097 | Vaults:4 | Found a crumbling gateway.
 47104 | Desolati | Entered the Desolation of Salt
 47125 | Desolati | Identified the ring of Summer {Drain Will+++ Int+6 Dex-5
                  | Stlth+}
 47148 | Desolati | Reached skill level 10 in Conjurations
 47156 | Desolati | Reached XP level 22. HP: 88/199 MP: 36/36
 47264 | Desolati | Found the +8 autumn katana {manifold assault}
 47298 | Desolati | Identified the +7 short sword "Xiskaw" {pain, Will+ Str+3
                  | Dex-2 Stlth+}
 47354 | Desolati | HP: 7/176 [crystal guardian/crystal bolt (24)]
 47611 | Desolati | Identified the +8 hand axe of Dissolution {elec, Str+5
                  | Dex+3}
 47670 | Desolati | Identified the ring "Juraloigh" {Ice rCorr Dex+3}
 47758 | Desolati | Found the +13 scythe of Curses {drain, curses, Drain}
 47770 | Desolati | Identified the +2 robe of Fonai {rPois rF- Str+7 Archmagi}
 47777 | Desolati | Identified the amulet of the Scarab {Reflect +Blink rN+
                  | Str+2 SH+5 Stlth+}
 47993 | Desolati | Identified the ring "Romestrewai" {rC+ Dex+2}
 49094 | Slime:1  | Entered Level 1 of the Pits of Slime
 49150 | Slime:1  | You fall into a shaft and drop 1 floor!
 49153 | Slime:2  | Gained mutation: You occasionally lose the ability to drink
                  | potions when taking damage. [a shining eye]
 49829 | Slime:2  | Gained mutation: Armour fits poorly on your strangely
                  | shaped body. [a shining eye]
 50189 | Slime:5  | Entered Level 5 of the Pits of Slime
 50208 | Slime:5  | Noticed the Royal Jelly
 50225 | Slime:5  | Killed the Royal Jelly
 50231 | Slime:5  | HP: 9/199 [acid blob/splash of acid[the Royal Jelly] (13)]
 50276 | Slime:5  | HP: 1/199 [quicksilver ooze[the Royal Jelly] (10)]
 50277 | Slime:5  | Drowned by a quicksilver ooze

Illustrated notes

Levels and vault maps discovered:
D:1:      dpeg_arrival_pits, layout_basic
D:2:      layout_loops_ring, serial_shops, nicolae_shop_behind_doors
D:3:      layout_basic, uniq_grinder, uniq_natasha
D:4:      layout_basic, tgw_fedhas, minmay_temple_entry_slanted
D:5:      layout_gridville, mainiacjoe_overflow_boulevard
D:6:      layout_basic, nemelex_spade_bored_becter, mainiacjoe_overflow_catwalk,
          nicolae_ru_the_path_less_chosen
D:7:      layout_loops_ring, general_overflow_altar,
          chequers_serial_rivers_large_b, kennysheep_generic_room_3
D:8:      layout_basic, kennysheep_generic_room_13, uniq_erica
D:9:      layout_layer_cave, trog_ov_bears_minmay, mainiacjoe_overflow_alcove_4,
          david_orc_2, enter_bailey_5, serial_bayou, serial_bayou_lagoon_a,
          serial_bayou_crossing, serial_bayou_lagoon_b, serial_bayou_ford_a,
          eino_jars, uniq_maggie
D:10:     layout_cave_pools, uniq_urug, uniq_erolcha
D:11:     layout_rooms, lair_entry_dummy, nicolae_trove_entry_crossroad,
          minmay_misc_feat_iff
D:12:     layout_roguey, serial_shops, nicolae_shop_dealshenge,
          nicolae_shop_drivethru, nicolae_stop_n_shop_2, shop
D:13:     layout_roguey, minmay_misc_feat_secret_circle, minmay_door_square
D:14:     layout_irregular_city, lightli_vaults_fourway_checkpoint,
          serial_glass, glass_columns_b, glass_columns_b, glass_columns_c,
          glass_columns_c, glass_columns_c, glass_columns_c,
          nicolae_elemental_shop, minmay_misc_feat_doors,
          kennysheep_generic_room_5
D:15:     gammafunk_depths_entry_grave, layout_basic, minmay_misc_feat_rugged,
          uniq_jorgrun
Temple:   nicolae_temple_bog_church
Lair:1:   minmay_lair_oklob_tunnel, layout_regular_city, grunt_megastairs_1,
          serial_bayou_shore_a, infiniplex_staircase_pool_2,
          serial_bayou_shore_b
Lair:2:   layout_cave_pods, nicolae_shoals_entry_roost,
          nicolae_spider_entry_non_spiders, maelrawn_ghost_gauntlet_escape,
          basic_altar, grunt_megastairs_5
Lair:3:   layout_roguey, serial_bayou_shore_b, lemuel_fruit_tree,
          grunt_megastairs_2, lemuel_fruit_fields, uniq_gastronok
Lair:4:   layout_cave_shapes, gauntlet_entry_generic
Lair:5:   hellmonk_lair_end_abyssal_woods, layout_hall_layers, slime_entry_1,
          portal_ice_cave_rime, lookout_lair_type
Shoals:1: layout_shoals, nicolae_shop_firing_range
Shoals:2: layout_shoals, uniq_ilsuiw
Shoals:3: layout_shoals, nicolae_shoals_pincushion_passage
Shoals:4: shoals_end_grunt_garden, layout_shoals, uniq_polyphemus
Spider:1: layout_spider_delve, nicolae_spider_swamp_cousins, uniq_aizul
Spider:2: nicolae_spider_brood_tunnel
Spider:3: layout_spider_delve
Spider:4: spider_rune_water, uniq_arachne, uniq_nikola, uniq_donald
Slime:1:  layout_caves
Slime:2:  layout_caves, special_room [special_room_jelly]
Slime:3:  layout_caves
Slime:4:  layout_caves
Slime:5
Orc:1:    layout_caves, basic_altar, uniq_josephine
Orc:2:    hellmonk_orc_salted, layout_caves, rock_pile
Elf:1:    layout_onion_city, orc_legates, uniq_kirke
Elf:2:    nicolae_elf_blades_crystal_corner, layout_loops_cross, special_room
          [special_room_orc], serial_shops, nicolae_shop_tiny_real_fake_doors,
          shop, nicolae_shop_behind_doors, shop
Elf:3:    minmay_elf_hall_statues, layout_gridlike,
          nicolae_elf_blasts_and_bolts, uniq_mara, uniq_louise
Vaults:1: nicolae_vaults_stepped_doors, nicolae_vaults_doubleplus_tesselated,
          kennysheep_vaults_gozag_temple, hangedman_vaults_nails,
          nicolae_vaults_windows_and_doors_thing, nicolae_vaults_prndl,
          vaults_room_grunt_arrival_checkpoint, nicolae_vaults_tetromino_T_1,
          ontoclasm_vaults_loading_screen, nicolae_vaults_ring_of_whatevers,
          ontoclasm_vaults_chip, layout_vaults_omnigrid
Vaults:2: nicolae_vaults_closet_pinwheel_1, hangedman_vaults_restitches,
          v_misc_28, nicolae_vaults_tetromino_T_1, nicolae_vaults_diamond_2,
          grunt_vaults_funnel, nicolae_vaults_circle_grid_b,
          nicolae_vaults_storage_closets_2, nicolae_vaults_tetromino_Z_1,
          minmay_crypt_entry_simple_round, nicolae_vaults_tetromino_Z_2,
          v_misc_17, nicolae_vaults_offset_grid_hallway_3,
          dpeg_vaults_monster_row, layout_vaults_omnicross, serial_shops,
          nicolae_book_shop_shelving
Vaults:3: nicolae_vaults_door_testing_chamber, vaults_room_door_hall,
          nicolae_vaults_cochlea, nicolae_vaults_closet_pinwheel_5,
          hangedman_vaults_cutoff, vaults_room_pools, nicolae_vaults_meeting,
          nicolae_vaults_trapezoid_4, ontoclasm_vaults_loading_screen,
          nicolae_vaults_what_the_h, grunt_vaults_hallway_long,
          grunt_vaults_hallway_short, nicolae_vaults_tetromino_T_1,
          nicolae_vaults_offset_grid_hallway_3, nicolae_vaults_tetromino_Z_2,
          layout_vaults_ring
Vaults:4: portal_desolation_entry_salt, vaults_room_stairs_pillars, v_misc_15,
          vaults_room_octagon, nicolae_vaults_trapezoid_lopsided_1,
          nicolae_vaults_big_angled_halls, v_alt_pattern_2,
          vaults_room_door_ring, nicolae_vaults_shelves_hall,
          nicolae_vaults_network_s, grunt_vaults_focal, layout_vaults_big_room,
          uniq_bai_suzhen

Skill      XL: |  1  2  3  4  5  6  7  8  9 10 11 12 13 14 15 16 17 18 19 20 21 22 |
---------------+-------------------------------------------------------------------+-----
Stealth        | 2 3 4 5 |  5.0
Fighting       | 1 2 3 4 6 7 9 10 12 14 15 16 17 20 | 20.0
Conjurations   | 5 6 7 9 10 11 | 11.6
Spellcasting   | 3 5 7 9 10 | 10.3
Translocations | 2 4 5 |  5.1
Short Blades   | 1 2 |  2.2
Dodging        | 3 4 7 8 11 14 15 | 15.0
Poison Magic   | 3 5 7 9 |  9.2
Air Magic      | 3 6 9 10 12 14 17 18 | 18.7
Armour         | 3 6 9 11 12 | 12.4
Ice Magic      | 2 |  2.2
Transmutations | 3 5 7 8 |  8.1
Shields        | 7 8 10 11 | 11.4
Fire Magic     | 3 7 9 12 | 12.0

Action                     |  1- 3 |  4- 6 |  7- 9 | 10-12 | 13-15 | 16-18 | 19-21 | 22-24 || total
---------------------------+-------+-------+-------+-------+-------+-------+-------+-------++-------
  Melee: Unarmed           |     9 |       |       |       |       |     6 |       |       ||    15
         Whip              |    19 |       |       |       |       |       |       |       ||    19
         Headbutt          |     6 |     1 |    12 |    64 |   147 |    60 |    40 |    16 ||   346
         Short sword       |    17 |    19 |    59 |   166 |   418 |    18 |       |       ||   697
         Punch             |       |       |     2 |     2 |       |       |       |       ||     4
         Staff             |       |       |       |       |       |   178 |   101 |    44 ||   323
   Cast: Magic Dart        |    52 |       |       |       |       |       |       |       ||    52
         Searing Ray       |    11 |    32 |    67 |    31 |     5 |       |       |       ||   146
         Iskenderun's Myst |       |       |    13 |    83 |   116 |    15 |    23 |       ||   250
         Olgreb's Toxic Ra |       |       |       |    65 |    41 |    20 |     9 |       ||   135
         Mephitic Cloud    |       |       |       |    14 |     4 |       |       |       ||    18
         Eringya's Noxious |       |       |       |     5 |    75 |    32 |    28 |    11 ||   151
         Irradiate         |       |       |       |       |    63 |    34 |    49 |     7 ||   153
         Plasma Beam       |       |       |       |       |     1 |   516 |   441 |   126 ||  1084
         Arcjolt           |       |       |       |       |       |     4 |       |       ||     4
         Ignite Poison     |       |       |       |       |       |       |    13 |    10 ||    23
         Maxwell's Capacit |       |       |       |       |       |       |     4 |     5 ||     9
  Evoke: Wand              |       |       |     1 |     4 |       |     3 |       |       ||     8
         Lightning rod     |       |       |       |       |     2 |     3 |       |       ||     5
    Use: Potion            |     2 |       |     4 |       |     9 |    12 |     7 |     4 ||    38
         Scroll            |     3 |     2 |     9 |     9 |    12 |    15 |    14 |     5 ||    69
   Stab: Sleeping          |       |       |     3 |     2 |     6 |       |       |       ||    11
         Distracted        |       |       |     2 |       |     1 |       |       |       ||     3
         Confused          |       |       |       |     1 |       |       |       |       ||     1
         Invisible         |       |       |       |       |     1 |       |       |       ||     1
         Paralysed         |       |       |       |       |     1 |       |       |       ||     1
 Armour: Robe              |    11 |       |       |       |       |       |       |       ||    11
         Leather armour    |       |    15 |    38 |     1 |       |       |       |       ||    54
         Skin              |       |       |     2 |       |       |       |       |       ||     2
         Steam dragon scal |       |       |       |    66 |   164 |   206 |    29 |       ||   465
         Troll leather arm |       |       |       |       |       |       |   102 |    29 ||   131
         Ring mail         |       |       |       |       |       |       |       |    22 ||    22
  Dodge: Dodged            |    41 |    31 |    78 |   210 |   491 |   584 |   332 |   180 ||  1947
  Block: Buckler           |       |       |       |       |   218 |   169 |       |       ||   387
         Kite shield       |       |       |       |       |       |    51 |   237 |    59 ||   347
         Reflection        |       |       |       |       |       |    11 |    23 |     3 ||    37
